 Dungeon Crawl Stone Soup version 0.21-a0-471-gd587bd5 (webtiles) character file.

7 Laiders the Cudgeler (level 1, 0/19 HPs)
             Began as a Minotaur Berserker on Nov 22, 2017.
             Was a Follower of Trog.
             Slain by a kobold
             ... wielding a +3 short sword
              (5 damage)
             ... on level 1 of the Dungeon.
             The game lasted 00:00:26 (229 turns).

Laiders the Cudgeler (Minotaur Berserker)            Turns: 229, Time: 00:00:27

Health: 0/19       AC:  2    Str: 21    XL:     1   Next: 91%
Magic:  0/0        EV: 12    Int:  4    God:    Trog [*.....]
Gold:   43         SH:  0    Dex:  9    Spells: 0/0 levels left

rFire    . . .     SeeInvis .   a - +0 mace
rCold    . . .     Gourm    .   (no shield)
rNeg     . . .     Faith    .   b - +0 animal skin
rPois    .         Spirit   .   (helmet restricted)
rElec    .         Reflect  .   (no cloak)
rCorr    .         Harm     .   (no gloves)
MR       .....                  (no boots)
Stlth    +.........             (no amulet)
HPRegen  0.06/turn              f - ring of flight
MPRegen  0.07/turn              (no ring)

@: no status effects
A: retaliatory headbutt, horns 2
a: Berserk, Burn Spellbooks, Renounce Religion, Evoke Flight


You were on level 1 of the Dungeon.
You worshipped Trog.
Trog was aware of your devotion.
You were not hungry.

You visited 1 branch of the dungeon, and saw 1 of its levels.

You collected 43 gold pieces.

Inventory:

Hand Weapons
 a - a +0 mace (weapon)
Armour
 b - a +0 animal skin (worn)
Jewellery
 f - a ring of flight (left hand)
Scrolls
 e - 2 scrolls of fog {unknown}
 g - a scroll of identify {unknown}
Comestibles
 c - a bread ration
 d - 6 chunks of flesh


   Skills:
 - Level 3.6 Fighting
 + Level 4.3 Maces & Flails
 - Level 2.4 Armour
 - Level 2.1 Dodging


You couldn't memorise any spells.
You didn't know any spells.

Dungeon Overview and Level Annotations

Branches:
Dungeon (1/15)

Altars:


Innate Abilities, Weirdness & Mutations

You reflexively headbutt those who attack you in melee.
You have a pair of horns on your head.


Message History

Trog accepts your kill.
You see here a hobgoblin corpse.
You butcher the hobgoblin corpse.
d - 6 chunks of flesh (gained 1)
You see here a hobgoblin skeleton. x2
e - 2 scrolls labeled BEIZ HUHESENNA (gained 1)
You open the door.
A hobgoblin and a kobold come into view.
The kobold shouts!
There are monsters nearby!
The kobold hits you with an enchanted short sword!
There is an open door, spattered with blood here.
You barely miss the kobold.
The kobold hits you with an enchanted short sword.
You closely miss the kobold.
The kobold hits you with an enchanted short sword.
* * * LOW HITPOINT WARNING * * *
You barely miss the kobold.
The kobold hits you with an enchanted short sword.
You die...

### #......# ...
#......# ...
#......# ...
+......+ ...
#......###.##
#.....#....#
+.....#....###
#.....@K...... #
#....##g...... .
#....##....... .
#............. #.
#+# #......##.....
#.###.# #......#
.....
....#.#####......#
....
##..#.##....##...#
....
#..#.##.#####...#


You could see a hobgoblin and a kobold.

Vanquished Creatures
  A giant cockroach (D:1)
  2 hobgoblins (D:1)
  2 jackals (D:1)
  A rat (D:1)
6 creatures vanquished.

Notes
Turn   | Place    | Note
-------+----------+-------------------------------------------
     0 | D:1      | Laiders the Minotaur Berserker began the quest for the Orb.
     0 | D:1      | Reached XP level 1. HP: 19/19 MP: 0/0
    53 | D:1      | Reached skill level 4 in Maces & Flails
   229 | D:1      | Slain by a kobold

Vault maps used:
D:1:      tarquinn_simple_flora_water_b, hangedman_feature_mirror

Skill      XL: |  1 |
---------------+----+-----
Maces & Flails | 4 |  4.3
Fighting       | |  3.6
Armour         | |  2.4
Dodging        | |  2.1

Action                   || total
-------------------------++-------
Melee: Mace              ||    19
Armor: Animal skin       ||     5
Dodge: Dodged            ||    20

Table legend:
 A = Spawn XP
 B = Non-spawn XP
 C = Spawn XP percentage of total XP
 D = Spawn monster count
 E = Non-spawn monster count
 F = Spawn count percentage of total count
 G = Total turns spent on level
                    A         B        C        D         E        F      G
               +---------+---------+-------+---------+---------+-------+---------
         Total |       0 |      11 |   0.0 |       0 |       6 |   0.0 |   229
               +---------+---------+-------+---------+---------+-------+---------
           D:1 |       0 |      11 |   0.0 |       0 |       6 |   0.0 |   229
               +---------+---------+-------+---------+---------+-------+---------
